Map: [ESL] Data-C

Players

Maru - Winner!

  • Race: Terran Terran
  • Spawn Location: 9:00

Scarlett

  • Race: Zerg Zerg
  • Spawn Location: 3:00

Event: DreamHack SC2 Masters 2022 Valencia

VOD

https://youtu.be/j07dDxXK19Y

Description

Time

  • Played on: July 1, 2022, 12:55 p.m.
  • Length: 12:12

All games in this series

Show
View Real Time Build Order
Export as new Build Order

Maru Terran - Winner!

Build Orders:  

Get SALT Encoding   

  12  0:00  SCV  
  13  0:12  SCV  
  14  0:17  Supply Depot  
  14  0:24  SCV  
  15  0:39  SCV  
  15  0:40  Barracks  
  16  0:43  Refinery  
  16  0:51  SCV  
  17  1:03  SCV  
  18  1:15  SCV  
  19  1:27  Orbital Command, Barracks Reactor  
  19  1:40  Command Center  
  19  1:50  Supply Depot  
  19  1:52  SCV  
  20  2:04  SCV  
  20  2:05  Factory  
  21  2:10  Marine  
  21  2:11  Marine  
  23  2:16  SCV  
  23  2:19  Refinery  
  24  2:28  SCV, Marine x2  
  27  2:41  SCV  
  28  2:51  Starport  
  28  2:52  Orbital Command  
  28  2:53  SCV  
  28  2:56  Hellion  
  31  3:01  Hellion  
  31  3:05  SCV  
  34  3:12  Supply Depot  
  34  3:17  SCV  
  34  3:19  SCV  
  36  3:21  Widow Mine  
  36  3:23  Widow Mine  
  40  3:27  Medivac  
  40  3:29  SCV  
  40  3:34  SCV  
  44  3:42  Widow Mine  
  44  3:43  Supply Depot  
  44  3:44  SCV, Widow Mine  
  49  3:49  Armory  
  49  3:54  SCV  
  50  4:02  SCV  
  51  4:05  Hellion x2  
  51  4:06  SCV  
  51  4:07  Supply Depot  
  56  4:11  Liberator  
  56  4:14  SCV  
  60  4:18  SCV  
  61  4:29  Command Center  
  61  4:32  SCV x2  
  61  4:35  Hellion  
  65  4:44  SCV x2  
  65  4:46  Barracks Tech Lab  
  65  4:50  Hellion  
  67  4:56  SCV x2  
  69  5:04  Marine  
  69  5:05  Stimpack  
  68  5:08  Barracks  
  68  5:09  Barracks, Engineering Bay  
  68  5:10  Refinery, Engineering Bay  
  68  5:11  SCV x2  
  66  5:23  SCV  
  66  5:24  Factory Reactor, SCV, Marine  
  66  5:25  Starport Reactor  
  69  5:36  SCV  
  69  5:37  Barracks x2  
  69  5:41  SCV  
  71  5:47  Terran Infantry Armor Level 1, Terran Infantry Weapons Level 1  
  71  5:48  Orbital Command, SCV  
  72  5:53  SCV  
  72  5:55  Refinery  
  73  6:00  SCV  
  74  6:05  SCV  
  74  6:06  Factory Tech Lab, Supply Depot  
  74  6:09  Orbital Command  
  75  6:12  Marine x4, SCV, Medivac x2  
  75  6:15  Supply Depot  
  75  6:17  SCV  
  85  6:20  Supply Depot  
  85  6:26  Barracks Reactor x2  
  85  6:27  SCV  
  85  6:28  Siege Tank  
  85  6:29  SCV  
  85  6:32  Supply Depot  
  90  6:35  SCV  
  90  6:36  Marine x2  
  90  6:39  SCV  
  94  6:41  SCV  
  94  6:43  Marine x3  
  94  6:46  Combat Shield  
  98  6:47  SCV  
  99  6:54  Marine x2  
  99  6:56  SCV  
  99  6:57  Supply Depot  
  99  7:00  Marine  
  99  7:01  SCV, Marine x2  
  106  7:02  Medivac  
  106  7:03  SCV  
  106  7:05  Siege Tank  
  112  7:12  SCV, Marine x4  
  117  7:15  Supply Depot x2  
  117  7:19  Marine x2  
  119  7:23  Marine x3  
  122  7:32  SCV x2  
  122  7:35  Command Center  
  121  7:41  Marine x3  
  121  7:44  Terran Infantry Armor Level 2, SCV, Terran Infantry Weapons Level 2  
  121  7:49  Marine x4  
  123  7:52  SCV  
  123  7:54  Refinery x2  
  123  7:58  Marine  
  121  8:02  Marine x3  
  121  8:03  Medivac x2  
  121  8:04  Siege Tank  
  128  8:12  Marine x4  
  129  8:15  SCV x2  
  129  8:17  Missile Turret  
  129  8:18  Factory, Missile Turret  
  133  8:21  Missile Turret  
  133  8:22  Marine x5  
  138  8:31  Marine  
  138  8:33  Medivac  
  141  8:34  SCV  
  141  8:35  Marine x2  
  141  8:39  Marine  
  141  8:40  Medivac  
  145  8:48  Marine x3  
  139  8:49  Marine x2  
  139  8:50  Siege Tank  
  139  8:52  Marine x3  
  149  8:57  Marine  
  149  9:01  SCV  
  126  9:03  Medivac  
  126  9:06  SCV x2, Marine x3  
  126  9:07  Marine x2  
  126  9:09  Medivac, Marine  
  134  9:11  Factory Reactor  
  134  9:13  Marine x2, Supply Depot  
  134  9:14  SCV, Marine  
  134  9:15  Terran Vehicle And Ship Armor Level 1  
  141  9:21  Planetary Fortress  
  141  9:22  SCV x2, Siege Tank  
  141  9:23  Marine  
  141  9:24  Marine x2  
  148  9:25  Marine x2  
  148  9:27  Marine  
  147  9:31  Marine  
  147  9:35  Marine x2  
  147  9:36  SCV  
  147  9:38  Missile Turret  
  147  9:41  Marine  
  147  9:43  Barracks, Marine  
  147  9:44  Barracks x2  
  147  9:45  Drilling Claws  
  149  9:47  Marine  
  149  9:51  SCV  
  146  9:54  SCV  
  130  10:10  Thor, Marine x3, Marauder  
  130  10:13  Widow Mine  
  139  10:19  Widow Mine  
  141  10:24  Missile Turret x2  
  141  10:31  Barracks Tech Lab x2  
  141  10:32  Barracks Tech Lab, Marauder  
  141  10:34  Concussive Shells  
  141  10:35  Marine x3  
  143  10:40  Supply Depot  
  146  10:44  Sensor Tower  
  146  10:52  Marine  
  146  10:53  Marine x4, Marauder x4  
  146  10:55  Marine x3  
  162  11:06  Sensor Tower  
  162  11:07  Command Center  
  162  11:14  Marauder x3  
  162  11:17  Supply Depot  
  168  11:19  Supply Depot  
  168  11:22  Thor  
  168  11:25  Widow Mine  
  175  11:36  Marauder  
  175  11:38  Marine, Marauder  
  175  11:39  Marine x2, Marauder x2  
  196  12:02  Ghost Academy  
Show
View Real Time Build Order
Export as new Build Order

Scarlett Zerg 

Build Orders: Hatch First 

Get SALT Encoding   

  12  0:00  Drone  
  13  0:12  Overlord  
  13  0:17  Drone  
  14  0:31  Drone x2  
  16  0:47  Hatchery  
  15  0:50  Drone  
  15  0:54  Drone  
  17  0:59  Drone  
  18  1:08  Extractor  
  17  1:14  Spawning Pool  
  17  1:18  Drone  
  17  1:20  Drone  
  18  1:28  Drone  
  19  1:39  Drone  
  20  1:50  Drone  
  21  2:01  Queen x2  
  25  2:02  Zergling x2  
  25  2:03  Zergling x2  
  27  2:10  Drone  
  27  2:11  Overlord  
  28  2:20  Hatchery  
  27  2:23  Drone  
  28  2:30  Drone  
  28  2:31  Drone  
  28  2:35  Drone  
  31  2:39  Queen  
  31  2:43  Metabolic Boost  
  33  2:48  Overlord  
  34  2:51  Drone  
  34  2:54  Drone  
  34  2:55  Drone  
  36  3:07  Overlord  
  36  3:08  Drone x2  
  36  3:09  Drone x2  
  40  3:13  Queen  
  40  3:17  Drone  
  40  3:18  Drone  
  44  3:24  Queen  
  46  3:33  Overlord  
  46  3:35  Overlord  
  46  3:38  Queen  
  46  3:39  Drone  
  49  3:49  Drone  
  49  3:50  Overlord  
  49  3:51  Queen  
  49  3:54  Drone x3  
  55  4:02  Drone  
  56  4:05  Overlord  
  56  4:09  Queen, Drone  
  59  4:10  Zergling x2  
  59  4:11  Spore Crawler, Zergling x2  
  61  4:17  Queen, Zergling x2  
  61  4:22  Drone x3  
  66  4:31  Drone  
  66  4:32  Drone x4  
  71  4:41  Spore Crawler  
  71  4:44  Drone x5  
  74  4:46  Spore Crawler  
  74  4:50  Drone  
  66  4:54  Drone x5  
  66  4:59  Drone x3  
  70  5:12  Drone, Lair  
  70  5:13  Drone x2  
  73  5:15  Extractor  
  73  5:17  Baneling Nest  
  73  5:19  Extractor  
  70  5:25  Zergling x10  
  75  5:29  Zergling x8  
  79  5:38  Zergling x2  
  79  5:39  Zergling x4  
  79  5:41  Drone  
  82  5:44  Overlord  
  82  5:54  Hatchery  
  82  5:57  Drone  
  82  6:03  Overlord  
  82  6:09  Evolution Chamber  
  82  6:10  Evolution Chamber  
  82  6:11  Spire, Drone x7  
  87  6:14  Centrifugal Hooks  
  86  6:20  Drone x4  
  86  6:23  Drone x2  
  91  6:31  Drone  
  91  6:32  Extractor x2, Drone x4  
  95  6:34  Overlord  
  95  6:37  Extractor  
  95  6:39  Drone x3  
  96  6:42  Zerg Ground Armor Level 1  
  96  6:45  Zerg Melee Weapons Level 1  
  96  6:53  Drone x2  
  98  6:56  Zergling x14  
  98  6:59  Overlord x2  
  105  7:02  Baneling x6  
  105  7:14  Overlord x2  
  105  7:15  Drone  
  105  7:16  Drone x5  
  111  7:29  Mutalisk x4  
  116  7:35  Zergling x14  
  120  7:45  Mutalisk x2  
  120  7:46  Mutalisk  
  120  7:48  Baneling  
  126  7:56  Zergling x14  
  126  8:01  Mutalisk  
  126  8:02  Mutalisk  
  126  8:03  Zergling x2  
  126  8:04  Zergling x8  
  132  8:09  Zerg Flyer Weapons Level 1  
  123  8:13  Drone x7  
  123  8:19  Baneling  
  130  8:20  Baneling x7  
  130  8:21  Drone x6  
  130  8:25  Baneling x2  
  130  8:26  Hatchery  
  135  8:28  Baneling x2  
  135  8:30  Zergling x8  
  136  8:35  Zergling x4, Baneling  
  136  8:36  Baneling x5  
  136  8:41  Baneling x4  
  128  8:51  Zergling x26  
  133  8:55  Baneling  
  133  8:56  Baneling x4  
  133  8:59  Zergling x4  
  126  9:06  Zergling x6  
  126  9:07  Zergling x6  
  131  9:12  Baneling x3  
  131  9:13  Zergling x2, Baneling x8, Hatchery  
  131  9:14  Zergling x10  
  131  9:15  Baneling x6  
  135  9:24  Zergling x4  
  125  9:33  Mutalisk  
  125  9:34  Mutalisk x2  
  125  9:37  Zergling x8  
  133  9:42  Zergling x8  
  133  9:43  Baneling x4  
  136  9:54  Mutalisk  
  136  9:55  Mutalisk  
  129  10:04  Extractor, Drone x3  
  129  10:05  Drone x3, Extractor  
  130  10:09  Zergling x2  
  130  10:10  Zergling x8  
  136  10:21  Drone x3  
  136  10:22  Drone x3  
  136  10:23  Overlord x2  
  136  10:24  Overlord x3  
  136  10:25  Zergling x4  
  143  10:29  Baneling x9  
  143  10:36  Zergling x12  
  143  10:40  Overlord  
  149  10:44  Zergling x8  
  149  10:49  Overseer  
  153  10:50  Pneumatized Carapace  
  153  10:56  Mutalisk x2  
  156  10:57  Overlord x2  
  156  10:58  Zergling x12  
  162  11:07  Zergling x8  
  162  11:08  Baneling x10  
  162  11:09  Baneling x3  
  162  11:11  Zergling x10  
  171  11:22  Zergling x20  
  171  11:23  Infestation Pit  
  171  11:24  Baneling  
  180  11:25  Hatchery  
  180  11:32  Zergling x8  
  181  11:41  Extractor, Drone x3  
  181  11:42  Drone x3, Extractor  
  181  11:46  Zergling x12  
  191  11:53  Zergling x10  

Tags
 
Add a new tag
Caveats
  • Supply blocks, unpowered buildings, or Contaminate may cause inaccurate times.
  • Supply counts are checked every 10 seconds.